 Dungeon Crawl Stone Soup version 0.22-a0-441-gcf5b0c64b7 (webtiles) character file.

105 Ordine the Magician (level 4, -5/24 HPs)
             Began as a Deep Elf Wizard on May 30, 2018.
             Slain by a phantom (6 damage)
             ... on level 3 of the Dungeon.
             The game lasted 00:08:26 (2227 turns).

Ordine the Magician (Deep Elf Wizard)               Turns: 2227, Time: 00:08:27

Health: -5/24      AC:  2    Str:  4    XL:     4   Next: 54%
Magic:  5/13       EV: 13    Int: 24    God:
Gold:   100        SH:  0    Dex: 13    Spells: 4/13 levels left

rFire    . . .     SeeInvis .   a - -2 quarterstaff (curse)
rCold    . . .     Gourm    .   (shield currently unavailable)
rNeg     . . .     Faith    .   h - +0 robe
rPois    .         Spirit   .   b - +0 hat
rElec    .         Reflect  .   (no cloak)
rCorr    .         Harm     .   (no gloves)
MR       .....                  (no boots)
Stlth    ++........             (no amulet)
HPRegen  0.08/turn              (no ring)
MPRegen  0.13/turn              (no ring)

@: no status effects
A: no striking features
a: no special abilities


You were on level 3 of the Dungeon.
You were not hungry.

You visited 1 branch of the dungeon, and saw 3 of its levels.

You collected 100 gold pieces.

Inventory:

Hand Weapons
 a - a cursed -2 quarterstaff (weapon)
 c - a +0 short sword
 e - a cursed -1 dagger
Armour
 b - a +0 hat (worn)
 h - a +0 robe (worn)
Scrolls
 g - a scroll of magic mapping
Potions
 i - a potion of mutation
 j - a potion of heal wounds {unknown}
 k - a potion of berserk rage {unknown}
Comestibles
 d - 7 rations


   Skills:
 * Level 3.5 Dodging
 - Level 3.0 Stealth
 + Level 5.1 Spellcasting
 + Level 2.4 Conjurations
   Level 1.1 Summonings
 + Level 2.1 Translocations
 + Level 0.6 Fire Magic
 + Level 0.4 Air Magic


You had 4 spell levels left.
You knew the following spells:

 Your Spells              Type           Power        Failure   Level  Hunger
a - Magic Dart            Conj           ###.         3%          1    None
b - Blink                 Tloc           N/A          5%          2    None
c - Conjure Flame         Conj/Fire      ##......     14%         3    ##.....
d - Mephitic Cloud        Conj/Pois/Air  ##......     19%         3    ##.....

Your spell library contained the following spells:

 Spells                   Type           Power        Failure   Level  Hunger
 Slow                     Hex            #.......     13%         2    None
 Call Imp                 Summ           ##......     9%          2    None


Dungeon Overview and Level Annotations

Branches:
Dungeon (3/15)

Altars:


Message History

The phantom is moderately damaged.
The phantom hits you!
* * * LOW HITPOINT WARNING * * *
Casting: Magic Dart (safe; 3% risk of failure)
Confirm with . or Enter, or press ? or * to list all spells.
Aiming: Magic Dart (safe; 3% risk of failure)
Press: ? - help, Shift-Dir - straight line, f/p - phantom
Aim: a phantom (moderately damaged)
The magic dart hits the phantom.
The phantom is moderately damaged.
The phantom hits you.
* * * LOW HITPOINT WARNING * * *
Casting: Magic Dart (safe; 3% risk of failure)
Confirm with . or Enter, or press ? or * to list all spells.
You blink.
The phantom blinks!
Things that are here:
a leather armour; a club
There is a stone staircase leading up, spattered with blood here.
The phantom hits you.
You die...

..######.....'.....[..##.#
#..#.##.....†.....#
#....##.........###
##)#####+######.#
#.#.....# #....#
#.##.######.####
#.(.......#.#
####W####.#(# #@# #'#'#
### o.).. ..)...+ #......#
#....... #.......#
#?.......


You could see a phantom.

Vanquished Creatures
  Jessica (D:2)
  An adder (D:2)
  A worm (D:2)
  2 dart slugs
  2 leopard geckos (D:1)
  4 orcs
  2 ball pythons
  10 bats
  A giant cockroach (D:2)
  5 goblins
  8 hobgoblins
  4 jackals (D:2)
  A frilled lizard (D:1)
  7 kobolds
  5 rats
54 creatures vanquished.

Notes
Turn   | Place    | Note
-------+----------+-------------------------------------------
     0 | D:1      | Ordine the Deep Elf Wizard began the quest for the Orb.
     0 | D:1      | Reached XP level 1. HP: 10/10 MP: 7/7
   160 | D:1      | Reached XP level 2. HP: 15/15 MP: 6/9
   168 | D:1      | Learned a level 2 spell: Blink
   841 | D:2      | Noticed Jessica
   848 | D:2      | Killed Jessica
   848 | D:2      | Reached skill level 5 in Spellcasting
   848 | D:2      | Reached XP level 3. HP: 13/19 MP: 2/11
   968 | D:2      | Learned a level 3 spell: Conjure Flame
   972 | D:2      | Learned a level 3 spell: Mephitic Cloud
  1012 | D:2      | Reached XP level 4. HP: 23/24 MP: 0/13
  1180 | D:2      | Found a faded altar of an unknown god.
  1894 | D:3      | Noticed a phantom
  2221 | D:3      | HP: 1/24 [phantom (6)]
  2227 | D:3      | Slain by a phantom

Vault maps used:
D:1:      eino_arrival_cavern_e
D:2:      minmay_door_path, chequers_ecumenical_altar_twisty, uniq_jessica
D:3:      nicolae_ru_sacrificial_ziggurat,
          chequers_temple_overflow_statue_of_worship,
          nicolae_gozag_cash_rules_everything_around_me, uniq_terence

Skill      XL: |  1  2  3 |
---------------+----------+-----
Stealth        | 3 |  3.0
Dodging        | 3 |  3.5
Spellcasting   | 5 |  5.1
Conjurations   | 2 |  2.4
Translocations | 2 |  2.1
Summonings     | |  1.1
Fire Magic     | |  0.6
Air Magic      | |  0.4

Action                   |  1- 3 |  4- 6 || total
-------------------------+-------+-------++-------
Melee: Short sword       |     3 |     6 ||     9
       Quarterstaff      |       |    24 ||    24
 Cast: Magic Dart        |    77 |    77 ||   154
       Mephitic Cloud    |     1 |     3 ||     4
       Conjure Flame     |       |     2 ||     2
       Blink             |       |     1 ||     1
  Use: Scroll            |     1 |     2 ||     3
  Eat: Chunk             |       |     4 ||     4
Armor: Robe              |     4 |    17 ||    21
Dodge: Dodged            |    14 |    50 ||    64

Table legend:
 A = Spawn XP
 B = Non-spawn XP
 C = Spawn XP percentage of total XP
 D = Spawn monster count
 E = Non-spawn monster count
 F = Spawn count percentage of total count
 G = Total turns spent on level
                    A         B        C        D         E        F      G
               +---------+---------+-------+---------+---------+-------+---------
         Total |       0 |     151 |   0.0 |       0 |      54 |   0.0 |  2227
               +---------+---------+-------+---------+---------+-------+---------
           D:1 |       0 |      39 |   0.0 |       0 |      21 |   0.0 |   841
           D:2 |       0 |      99 |   0.0 |       0 |      27 |   0.0 |  1003
           D:3 |       0 |      13 |   0.0 |       0 |       6 |   0.0 |   383
               +---------+---------+-------+---------+---------+-------+---------
